[Event "*** Titled Tuesday Blitz"]
[Site "Chess.com"]
[Date "2020.05.12"]
[Round "10"]
[White "Gandrade2"]
[Black "zivicd"]
[Result "0-1"]
[WhiteElo "2046"]
[BlackElo "2244"]
[TimeControl "180+1"]
[EndTime "11:55:11 PDT"]
[Termination "zivicd won on time"]

1. b3 b6 2. Bb2 Bb7 3. e3 c5 4.
Nf3 Nf6 5. d4 g6 6. Be2 Bg7 7.
dxc5 bxc5 8. c4 d6 9. O-O O-O 10. Qc2 Nc6 11. Nc3 Nb4 12. Qc1 Rb8 13.
Rd1 Ne4 14. Nxe4 Bxe4 15. Bxg7 Kxg7 16. Nd2 Ba8 17. Bf3 Qc8 18. Bxa8 Rxa8 19. Ne4 f5 20. Nc3 Qe6 21. a3 Nc6 22. Nd5 Rab8 23. Qc3+ Kg8 24. Rab1 a5 25. Nf4 Qf6 26. Qd2 Kh8 27. Qd5 Ne5 28.
Ne6 Rg8 29. f4 Ng4 30. Re1 Qh4 31. h3 Qf2+ 32. Kh1 Nxe3 33. Qf3 Qxf3 34. gxf3 Nc2 35. Ng5 Rg7 36. a4 Nd4 37. Re3 Rb7 38. h4 Kg8 39. Kg2 h6 40. Nh3 Kf7 41. Nf2 Kf6 42. Nd1 Rg8 43. Kf2 e5 44. fxe5+ dxe5 45. Kg3 f4+ 46. Kf2 fxe3+ 47. Kxe3 Rd8 48. Nf2 Rxb3+ 49. Rxb3 Nxb3 50. Ne4+ Ke7 51. f4 Nc1 52. fxe5 Rd3+ 53. Kf4 Rd4 54. Ke3 Rxe4+ 55. Kxe4 Ke6 0-1

[Event "*** Titled Tuesday Blitz"]
[Site "Chess.com"]
[Date "2020.05.12"]
[Round "10"]
[White "Ginzburg_Yakov"]
[Black "Zq1"]
[Result "1/2-1/2"]
[WhiteElo "2409"]
[BlackElo "2536"]
[TimeControl "180+1"]
[EndTime "11:55:12 PDT"]
[Termination "Game drawn - insufficient material"]

1. e4 c5 2. Nf3 d6 3. c3 Nf6 4.
Be2 g6 5. O-O Bg7 6. Bb5+ Bd7 7.
Bxd7+ Qxd7 8. Re1 Nc6 9. d4 cxd4 10. cxd4 d5 11. e5 Ne4 12. Nbd2 Nxd2 13. Bxd2 O-O 14.
Rc1 Rac8 15. Qe2 b6 16. h4 Qg4 17. Qd3 f6 18. Qb5 Qd7 19. e6 Qd6 20. Bf4 Qb4 21.
Qxd5 Na5 22. Rxc8 Rxc8 23. Qd7 Rf8 24. Qxa7 g5 25. Bd2 Qxb2 26. Bxa5 bxa5 27. Qxe7 g4 28. Nh2 Qxd4 29. Qd7 Qxd7 30. exd7 Kf7 31. Nxg4 Rd8 32. Rd1 Ke6 33. Ne3 Rxd7 34. Rxd7 Kxd7 35. g4 Kc6 36. Nf5 Bf8 37. f4 Kd5 38. Kf2 Ke4 39. Kg3 h5 40. a4 Bc5 41. Ng7 hxg4 42. Kxg4 Bf8 43. Nf5 Kd5 44. h5 Kc4 45. h6 Bxh6 46. Nxh6 Kb4 47. Nf5 Kxa4 48. Nd4 Ka3 49. Kf5 a4 50. Kxf6 Kb4 51.
Ke5 Kc4 52. Nc2 Kc3 53. Na3 Kb3 54. Nb5 Kc4 55. Nd6+ Kc3 56. Nb5+ Kb4 57. f5 Kxb5 58.
f6 a3 59. f7 a2 60. f8=Q a1=Q+ 61. Ke6 Qe1+ 62. Kf7 Qf2+ 63. Ke8 Qxf8+ 64. Kxf8 1/2-1/2

[Event "*** Titled Tuesday Blitz"]
[Site "Chess.com"]
[Date "2020.05.12"]
[Round "10"]
[White "Ranindu2003"]
[Black "RATNAKARAN"]
[Result "1/2-1/2"]
[WhiteElo "2436"]
[BlackElo "2562"]
[TimeControl "180+1"]
[EndTime "11:55:13 PDT"]
[Termination "Game drawn - insufficient material"]

1. e4 e6 2. d4 d5 3. Nd2 Nf6 4. e5 Nfd7 5. Bd3 c5 6. c3 Nc6 7. Ngf3 Be7 8. O-O b6 9. a4 g5 10.
Bb5 Bb7 11. Qe2 a6 12. Bxc6 Bxc6 13. Ne1 Qc7 14. b3 h5 15. Bb2 Bb7 16. Rc1 O-O-O 17. c4 dxc4 18. Nxc4 Kb8 19. Nd3 Qc6 20. f3 g4 21. Nd6 gxf3 22. Rxf3 Bxd6 23. exd6 Rhg8 24. Rf2 Qxd6 25. dxc5 bxc5 26. Nxc5 Rg5 27. Nxb7 Kxb7 28. Rd1 Qb6 29. Bd4 Qxb3 30. Bf6 Nxf6 31. Rxd8 Nd5 32.
Rxf7+ Kc6 33. Qxa6+ Kc5 34. Qb5+ Qxb5 35. axb5 Kxb5 36.
Rd6 Rg6 37. Rf1 Kc5 38. Rd8 Kd4 39. Re1 h4 40. Rf8 Ne3 41. Rf4+ Kd3 42. Rf3 Rxg2+ 43.
Kh1 Re2 44. Rxe2 Kxe2 45. Rf6 e5 46. Rh6 Kf1 47. Rxh4 Nd1 48. h3 Kf2 49. Re4 Kg3 50.
Rxe5 Nf2+ 51. Kg1 Nxh3+ 52. Kf1 Kf4 53. Re8 Ng5 54. Ke2 Ne4 55. Ra8 Nc3+ 56. Kd3 Nd5 57.
Ra5 Nf6 58. Kd4 Ng4 59. Ra8 Ne3 60. Rf8+ Nf5+ 61. Kd5 Kg5 62. Ke5 Nh6 63. Rf1 Ng4+ 64. Ke6 Ne3 65. Rf3 Ng4 66. Rf8 Ne3 67. Ke5 Ng4+ 68. Ke4 Nf6+ 69. Kf3 Kf5 70. Ra8 Ke5 71. Ra5+ Nd5 72. Ke2 Kd4 73. Ra8 Ke4 74. Re8+ Kd4 75.
Kd2 Nc3 76. Rd8+ Nd5 77. Rd7 Kc4 78. Rd8 Kd4 79. Ke2 Kc4 80. Rh8 Kd4 81. Rh4+ Ke5 82. Kd3 Nf4+ 83. Ke3 Nd5+ 84. Kf3 Nc3 85. Rc4 Nd5 86.
Ra4 Nc3 87. Rc4 Nd5 88. Rc5 Kd4 89. Rxd5+ Kxd5 1/2-1/2

[Event "*** Titled Tuesday Blitz"]
[Site "Chess.com"]
[Date "2020.05.12"]
[Round "10"]
[White "FMJoseHerrera"]
[Black "stolencandy13"]
[Result "1/2-1/2"]
[WhiteElo "2642"]
[BlackElo "2528"]
[TimeControl "180+1"]
[EndTime "11:55:16 PDT"]
[Termination "Game drawn by repetition"]

1. Nf3 f5 2. d3 Nf6 3. Nc3 e6 4. e4 fxe4 5. dxe4 Bb4 6. Bg5 h6 7. Bh4 g5 8. Bg3 Nxe4 9. Qd3 d5 10. Nd2 Nxg3 11. Qg6+ Kf8 12. hxg3 Qe7 13. Rxh6 Rxh6 14.
Qxh6+ Qg7 15. Qxg7+ Kxg7 16. Nf3 Nc6 17. O-O-O Bc5 18.
Nxg5 Bxf2 19. Kb1 Bd7 20. g4 Rf8 21. Bd3 Ne5 22. Bb5 c6 23. Be2 Be3 24. Nf3 Nxg4 25.
Re1 Bf2 26. Rf1 Bg3 27. Rd1 e5 28. Ne4 Bf4 29. Nc5 Bc8 30. c4 Ne3 31. Re1 b6 32.
Nd3 Bf5 33. cxd5 cxd5 34. b3 Bg3 35. Rc1 e4 36. Nd4 exd3 37. Nxf5+ Rxf5 38. Bxd3 Rf2 39. Rc6 Rd2 40. Rg6+ Kf7 41. Rxg3 Rxd3 42. Rf3+ Ke6 43. g4 Rd1+ 44. Kb2 Re1 45. g5 Nf5 46. Ka3 Rg1 47. Rc3 Rxg5 48. Rc7 Rg7 49. Rc6+ Ke5 50. Kb4 Nd4 51. Rc8 a6 52. Re8+ Kd6 53. a4 Nc6+ 54. Kc3 Rg3+ 55. Kb2 Kc5 56. Ka3 a5 57. Rc8 Rg2 58.
Rc7 Kd6 59. Rg7 Nb4 60. Rxg2 Kc5 61. Kb2 Kd4 62. Rg4+ Kc5 63. Kc3 Na2+ 64. Kb2 Nb4 65. Rh4 Nd3+ 66. Kc3 Nb4 67. Rh8 Na2+ 68. Kb2 Nb4 69.
Kc3 Na2+ 70. Kd3 Kb4 71. Kc2 Kc5 72. Rc8+ Kd6 73. Kd3 Nb4+ 74. Kd4 Nc6+ 75. Kc3 Nb4 76. Rh8 Kc5 77. Rc8+ Kd6 78. Rh8 Kc5 79. Rh5 Na2+ 80. Kb2 Nb4 81. Rh3 Kd4 82. Rh4+ Kc5 83. Ka3 Nc2+ 84.
Kb2 Nb4 85. Kc3 Na2+ 86. Kb2 Nb4 1/2-1/2

[Event "*** Titled Tuesday Blitz"]
[Site "Chess.com"]
[Date "2020.05.12"]
[Round "10"]
[White "Caterpiller35"]
[Black "ehrenfeld"]
[Result "0-1"]
[WhiteElo "2355"]
[BlackElo "2495"]
[TimeControl "180+1"]
[EndTime "11:55:16 PDT"]
[Termination "ehrenfeld won on time"]

1. d4 f5 2. Nc3 Nf6 3. Bg5 d5 4. Bxf6 exf6 5. e3 Be6 6. Qf3 Qd7 7. Bd3 Nc6 8. a3 O-O-O 9. Nge2 g5 10. Ng3 Ne7 11.
O-O-O f4 12. exf4 Bg4 13. Qe3 Bxd1 14. Rxd1 h5 15. fxg5 fxg5 16. Qe5 Rh6 17. Qxg5 Qg4 18. h4 Qxg5+ 19. hxg5 Rh8 20. f4 h4 21. Nf5 Nxf5 22.
Bxf5+ Kb8 23. Bh3 Bd6 24. Nxd5 c6 25. Nf6 Bxf4+ 26. Kb1 Bxg5 27. Ne4 Be7 28. c4 Rhf8 29. d5 Kc7 30. Rd3 Rf4 31. Nc3 Bf6 32. Be6 Bxc3 33.
Rxc3 cxd5 34. Bxd5 Re8 35. a4 a5 36. Rb3 b6 37.
Ka2 Re2 38. Rb5 Rc2 39. Kb3 Rff2 40. Ka3 Rfe2 41. Rb3 Rf2 42. Rb5 Rf6 43. Rb3 Re2 44. Rh3 Rf4 45. Rb3 Re7 46. Rh3 Rd7 47. Rb3 Rd6 48. Rh3 Rg6 49. Rb3 Rh6 50. Rh3 Rhf6 51. Ka2 Kd6 52. Rd3 Kc5 53. Rb3 Rf2 54. Rb5+ Kd4 55.
Rb3 Rd2 56. Rb5 Rd1 57. Rb3 Rff1 58. Rh3 Ra1+ 59. Kb3 Rh1 0-1

[Event "*** Titled Tuesday Blitz"]
[Site "Chess.com"]
[Date "2020.05.12"]
[Round "10"]
[White "OK97"]
[Black "BogdanBelyakov89"]
[Result "1/2-1/2"]
[WhiteElo "2753"]
[BlackElo "2594"]
[TimeControl "180+1"]
[EndTime "11:55:21 PDT"]
[Termination "Game drawn - insufficient material"]

1. e4 e5 2. Nf3 Nc6 3. Bb5 Nf6 4. O-O Nxe4 5. d4 Nd6 6. dxe5 Nxb5 7. a4 Nbd4 8. Nxd4 Nxd4 9. Qxd4 d5 10. Qd3 g6 11.
Be3 c6 12. Nd2 Bf5 13. Qb3 Qe7 14. f4 Qb4 15. c3 Qxb3 16. Nxb3 Be7 17. a5 a6 18. Bc5 Bc2 19. Bxe7 Bxb3 20. Bf6 Rg8 21. f5 Bc2 22. fxg6 hxg6 23. g4 Kd7 24. h4 c5 25.
Bg5 Rg7 26. Rf6 Bb3 27. Rd6+ Kc7 28. Rf1 Re8 29. Rb6 Bc4 30. Rf2 Rh7 31. b3 Bd3 32.
Rbf6 Be4 33. Rxf7+ Rxf7 34. Rxf7+ Kc6 35. Bf4 d4 36. cxd4 cxd4 37. h5 gxh5 38. gxh5 Bd5 39. Rg7 Bxb3 40. h6 Bc2 41. Kf1 Be4 42. Ke2 Kb5 43.
Rd7 d3+ 44. Ke3 Bf5 45. Rxb7+ Kxa5 46. Rf7 Bg6 47. Rf6 Bh7 48. Kd2 Kb5 49. Rf7 Bg6 50.
Rg7 Bf5 51. Rf7 Bg6 52. Rb7+ Kc6 53. Rg7 Bf5 54. Rf7 Be4 55. Rf6+ Kd5 56. Rd6+ Kc5 57. Rxa6 Rg8 58. Ra5+ Kc6 59. Ke3 Bf5 60. Ra6+ Kd5 61. Rf6 Bh7 62. Rd6+ Kc4 63. Rd7 Bf5 64. Rc7+ Kd5 65. h7 Rh8 66. e6 Rxh7 67. Rxh7 Bxh7 68. e7 Bg6 69. Kd2 Ke6 70. e8=Q+ Bxe8 71. Kxd3 1/2-1/2

[Event "*** Titled Tuesday Blitz"]
[Site "Chess.com"]
[Date "2020.05.12"]
[Round "10"]
[White "XDPS"]
[Black "AliKa2810"]
[Result "1-0"]
[WhiteElo "2689"]
[BlackElo "2547"]
[TimeControl "180+1"]
[EndTime "11:55:21 PDT"]
[Termination "XDPS won on time"]

1. d4 Nf6 2. Nf3 d5 3. Bf4 e6 4.
e3 Bd6 5. Bg3 c5 6. c3 O-O 7. Nbd2 Nc6 8. Bb5 Qe7 9. Bxc6 bxc6 10. Qa4 cxd4 11. cxd4 Bxg3 12. hxg3 a5 13. Qc2 Ba6 14.
g4 g6 15. Ne5 Rfc8 16. Rc1 Kg7 17. f4 Rc7 18. g5 Ng8 19. g4 c5 20. dxc5 Rac8 21.
c6 Bb5 22. Qc3 Qb4 23. Nb3 Bxc6 24. Nxa5 Qxc3+ 25. Rxc3 Bb5 26. Rxc7 Rxc7 27. Kd2 f6 28.
Nf3 Ra7 29. b4 Ra6 30. Rc1 fxg5 31. Rc7+ Kf8 32. Nxg5 h6 33. Nh7+ Ke8 34. Rg7 Ne7 35. Kc3 Ra7 36. Nf6+ Kf8 37. Rh7 Rc7+ 38. Kb2 Bd3 39.
Nb3 g5 40. Rxh6 gxf4 41. exf4 Rc2+ 42. Ka3 Rc7 43. g5 Kf7 44. Nc5 Ra7+ 45. Kb2 Bf5 46. a4 Nc6 47. Kc3 d4+ 48. Kc4 d3 49. Nxd3 Rxa4 50. Ne5+ Nxe5+ 51. fxe5 Ra1 52. Kc5 Rc1+ 53. Kb6 Rb1 54. Rh4 Kg6 55. Rd4 Kxg5 56. Nd7 Bh3 57. b5 Bf1 58. Kc7 Rxb5 59. Kd6 Kf5 60. Rd2 Rd5+ 61.
Rxd5 exd5 62. e6 Be2 63. e7 Bh5 64. Kxd5 Be8 65. Kd6 Kg6 66. Ke6 Kg7 67. Nf6 Ba4 68. Nd7 Bb3+ 69. Kd6 Bf7 70. Kc7 Be8 71. Kd8 Bh5 72.
Ne5 1-0

[Event "*** Titled Tuesday Blitz"]
[Site "Chess.com"]
[Date "2020.05.12"]
[Round "10"]
[White "atwalcb"]
[Black "White_Ghost"]
[Result "0-1"]
[WhiteElo "2300"]
[BlackElo "2445"]
[TimeControl "180+1"]
[EndTime "11:55:21 PDT"]
[Termination "White_Ghost won by resignation"]

1. d4 d5 2. Nf3 Nf6 3. c4 c6 4. Qc2 dxc4 5. Qxc4 Bg4 6. Ne5 Be6 7.
Qd3 Nbd7 8. Bf4 g6 9. Nc3 Bg7 10. g3 O-O 11. Bg2 Nh5 12. O-O Nxf4 13. gxf4 Qb6 14. e4 Rfd8 15. Qe3 Nxe5 16. dxe5 Qxe3 17. fxe3 Rd2 18. Rf2 Rad8 19. Raf1 b5 20. a3 Bc4 21. Rxd2 Rxd2 22. Rf2 Rd3 23. Rf3 Rd7 24. Bh3 e6 25. Bf1 Bb3 26. Rf2 Bf8 27. Kg2 Bc5 28. Kf3 a5 29.
Nb1 Ba2 30. Nc3 Bb3 31. Nb1 Rd1 32. Nd2 a4 33. Nxb3 axb3 34. Be2 Rb1 35. Bd3 Re1 36. Rf1 Rxe3+ 37. Kg4 h5+ 38. Kg5 Rxd3 39. Kh6 Bf8+ 40. Kg5 Kg7 41. f5 exf5 42. exf5 gxf5 43. Kxf5 Be7 44. Rg1+ Kf8 45. Rc1 c5 46. Rb1 Rf3+ 47. Ke4 Rf2 48. Kd5 Rxh2 49. Kc6 Re2 50. Kxb5 Rxe5 51. Kc4 h4 52. Kxb3 h3 53. Rh1 Re3+ 54. Kc4 Bd6 55. a4 h2 56. a5 Re2 57. a6 Rxb2 58. a7 Ra2 59. Kd5 Rxa7 60. Kxd6 c4 61. Kd5 Rc7 62. Rxh2 c3 63. Rc2 Kg7 64. Kd4 f5 65. Rxc3 Rxc3 66. Kxc3 Kg6 67. Kd2 Kg5 68. Ke2 Kg4 69. Kf2 Kf4 70. Ke1 Ke3 71. Kf1 Kf3 72. Kg1 Ke2 73. Kg2 f4 74. Kh3 f3 75.
Kh4 f2 0-1

[Event "*** Titled Tuesday Blitz"]
[Site "Chess.com"]
[Date "2020.05.12"]
[Round "10"]
[White "Kimster98"]
[Black "pedroholly22"]
[Result "0-1"]
[WhiteElo "2562"]
[BlackElo "2483"]
[TimeControl "180+1"]
[EndTime "11:55:24 PDT"]
[Termination "pedroholly22 won by resignation"]

1. d4 Nf6 2. Bf4 e6 3. e3 d5 4. Nd2 c5 5. c3 Nc6 6. Ngf3 cxd4 7. exd4 Nh5 8. Be3 Bd6 9. Ne5 g6 10. Nd3 O-O 11. g3 f5 12. Bh6 Rf7 13. Nf3 Bd7 14. Bg2 Qb6 15. O-O Re8 16. Qe2 Qc7 17. Rfe1 Nf6 18. Bf4 Ne4 19. Bxd6 Qxd6 20. Nfe5 Nxe5 21.
Nxe5 Rg7 22. f3 Nf6 23. Qe3 a6 24. Nd3 Bb5 25. Qe5 Qxe5 26. Nxe5 Nd7 27. a4 Nxe5 28. Rxe5 Bd7 29. a5 Rc8 30. Kf2 Kf8 31. Ke3 Ke7 32.
Kd2 Kd6 33. Rh1 g5 34. Rhe1 h5 35. Bf1 h4 36. gxh4 gxh4 37. Ke3 Rg1 38. Kf2 Rcg8 39. Bh3 R1g6 40. Ra1 R6g7 41. Ree1 f4 42. Rg1 Rxg1 43.
Rxg1 Rxg1 44. Kxg1 Kc6 45. Bf1 Kd6 46. Kg2 e5 47.
dxe5+ Kxe5 48. Kf2 d4 49. c4 Bf5 50. Ke1 d3 51. Kd2 Kd4 52. c5 Kxc5 53. Bxd3 Bd7 54. Kc3 Bc6 55. b4+ Kd6 56. Be2 Ke5 57. Bd1 Bd5 58.
Kd3 Ba2 59. Kc3 Kd5 60. Be2 Ke5 61.
Bc4 Bb1 62. Bf7 Bf5 63. Bc4 Bd7 64. Bd3 Bc6 65. Be2 Bd5 66. Bd1 Bc6 67. Kc4 Bd5+ 68. Kc5 Bc6 69. Be2 Bd5 70. Kb6 Kd4 71. Bd1 Ke3 72.
b5 axb5 73. Kxb5 Bxf3 74. Bxf3 Kxf3 75. Kb6 Ke2 76. Kxb7 f3 77. a6 f2 78. a7 f1=Q 79. a8=Q Qf3+ 80. Ka7 Qxa8+ 81. Kxa8 Kf2 82. Kb7 Kg2 0-1

[Event "*** Titled Tuesday Blitz"]
[Site "Chess.com"]
[Date "2020.05.12"]
[Round "10"]
[White "Meri-Arabidze"]
[Black "ameetghasi100"]
[Result "0-1"]
[WhiteElo "2593"]
[BlackElo "2734"]
[TimeControl "180+1"]
[EndTime "11:55:36 PDT"]
[Termination "ameetghasi100 won on time"]

1. d4 Nf6 2. c4 g6 3. g3 Bg7 4.
Bg2 O-O 5. e4 c5 6. d5 d6 7. Nc3 a6 8. Nf3 b5 9. Nd2 Nfd7 10.
O-O Ne5 11. Qe2 Qa5 12. h3 Nbd7 13. cxb5 axb5 14. f4 b4 15. fxe5 bxc3 16. Nc4 Qb5 17. a4 Qa6 18. Ra3 Bxe5 19. Bh6 cxb2 20. Bxf8 Bd4+ 21. Kh2 Nxf8 22. Qf3 f6 23. Qb3 Qa7 24. a5 Ba6 25. Rb1 Rb8 26. Nb6 Nd7 27. Qa4 Ne5 28.
Rb3 Kf7 29. R3xb2 Bd3 30. Rb3 c4 31. Rxd3 Bxb6 32. Rdd1 Bc5 33. Rxb8 Qxb8 34. a6 Ba7 35. Qa2 Qb6 36. Rb1 Qe3 37. Qc2 h5 38. Qd1 h4 39.
gxh4 Qf4+ 40. Kh1 Qxh4 41. Rb7 Qf2 42. Qf1 Qd4 43. Qb1 c3 44. Rc7 Nd3 45. Kh2 Qe3 46. Rxa7 Qxa7 47. Qxd3 Qc5 48. Qc2 g5 49. Bf1 Qe3 50. Bg2 Qf4+ 51. Kh1 Qe3 52. Kh2 Qf4+ 53. Kh1 Qe3 54. a7 Qxa7 55. Qxc3 Qf2 56. Qf3 Qe1+ 57.
Kh2 Qc1 58. Qf5 Qe3 59. Qf3 Qd4 60. Qh5+ Kg7 61. Qg4 Qe5+ 62. Qg3 Qb2 63. h4 Qd2 64. hxg5 fxg5 65. Qg4 Qe3 66. Bf3 Qf2+ 67. Bg2 Qe3 68.
Qf5 Qd2 69. Qf3 Qd4 70. Kg3 Qe5+ 71. Kh3 Kg6 72. Qg4 Qc3+ 73. Qg3 Qh8+ 0-1

[Event "*** Titled Tuesday Blitz"]
[Site "Chess.com"]
[Date "2020.05.12"]
[Round "10"]
[White "eightbyeightchess"]
[Black "SophieNikoladze"]
[Result "1-0"]
[WhiteElo "2384"]
[BlackElo "2162"]
[TimeControl "180+1"]
[EndTime "11:55:36 PDT"]
[Termination "eightbyeightchess won on time"]

1. e4 d6 2. d4 Nf6 3. Nc3 e5 4.
f4 Nbd7 5. Nf3 exd4 6. Nxd4 Nc5 7. Bc4 Ncxe4 8. Nxe4 Nxe4 9. Qh5 g6 10. Bxf7+ Kxf7 11. Qd5+ Kg7 12. Qxe4 Qe7 13. Qxe7+ Bxe7 14. O-O Bf6 15. c3 Bd7 16. Be3 Rae8 17. Bf2 Re4 18. Rfe1 Rxf4 19. Nf3 a6 20. Bd4 Re8 21. Rxe8 Bxe8 22.
Re1 Kf8 23. Bxf6 Rxf6 24. Ng5 Rf5 25. Ne6+ Kf7 26. Nd8+ Kf8 27. Nxb7 Rb5 28. Nd8 Rxb2 29. Ne6+ Kf7 30. Ng5+ Kf8 31. Nxh7+ Kg7 32. Re7+ Bf7 33. Ng5 Kf6 34. Rxf7+ Kxg5 35. Rxc7 Rxa2 36. Rc6 Rc2 37. Rxd6 Rxc3 38. Rxa6 Rc2 39. h3 Kf5 40. Kh2 Rc3 41. Ra4 g5 42. Ra2 Kf4 43. Rf2+ Ke5 44. Rf8 Rb3 45.
Kg1 Ke6 46. Kf2 Rc3 47. Rf3 Rc2+ 48. Kg3 Ke5 49. Rf8 Rc4 50. Rf2 Ra4 51. Rf8 Ke6 52. Kf3 Ke5 53. g3 Ke6 54. Rc8 Kf5 55. Rc5+ Kg6 56.
Rc3 Rb4 57. Re3 Ra4 58. Re4 Ra3+ 59. Kg4 Ra5 60. Rb4 Rc5 61. Rb6+ Kg7 62. Kh5 Kf7 63. g4 Rc3 64. Rb7+ Kf6 65. Rb6+ Kf7 66. Kxg5 Rxh3 67. Rb7+ Kf8 68. Kg6 Rg3 69. g5 Ra3 70. Rb8+ Ke7 71. Kg7 Rg3 72. g6 Rg1 73. Rb3 Rg2 74. Re3+ 1-0

[Event "*** Titled Tuesday Blitz"]
[Site "Chess.com"]
[Date "2020.05.12"]
[Round "10"]
[White "PetrolulSah"]
[Black "Srisshhhtea"]
[Result "1-0"]
[WhiteElo "2272"]
[BlackElo "2125"]
[TimeControl "180+1"]
[EndTime "11:55:37 PDT"]
[Termination "PetrolulSah won by checkmate"]

1. d4 Nf6 2. c4 e6 3. Nf3 Bb4+ 4. Bd2 Qe7 5. g3 b6 6. Bg2 Bb7 7. O-O O-O 8. Nc3 Bxc3 9. Bxc3 d5 10. Ne5 Nbd7 11.
Qc2 c5 12. Rfd1 Rac8 13. b3 Ba8 14. Qb2 cxd4 15. Bxd4 Nc5 16. Nd3 Nxd3 17. exd3 dxc4 18. Bxa8 Rxa8 19. dxc4 Rfd8 20. Rd2 Rd7 21. Rad1 Rad8 22. Bxf6 Rxd2 23. Bxe7 Rxd1+ 24. Kg2 R8d7 25. Qe5 h6 26. Bb4 R1d3 27. Bc3 f6 28. Qxe6+ Kh7 29. Qe4+ Kg8 30. Bb4 Kf7 31. h4 Rd1 32. h5 R1d4 33. Qf5 Kg8 34. Qg6 Rd1 35. Bc3 R1d6 36. b4 Rd8 37. c5 bxc5 38. bxc5 Rc6 39. Qf5 Rdc8 40. Bd4 R8c7 41.
a4 Kf8 42. Qd5 Ke8 43. a5 Kf8 44. Be3 Rc8 45. g4 a6 46. f4 R8c7 47. g5 fxg5 48. fxg5 hxg5 49. Qxg5 Kg8 50. Bd4 Kh7 51.
Kf3 g6 52. h6 Rf7+ 53. Ke4 Rfc7 54. Kd5 Rc8 55. Qe5 Kxh6 56. Qg7+ Kg5 57. Qe7+ Kh5 58. Be3 Kg4 59. Qg5+ Kf3 60. Qf4+ Ke2 61. Bd4 Kd3 62.
Qe3+ Kc2 63. Qc3+ Kd1 64. Be3 Ke2 65. Qd2+ Kf3 66. Qf2+ Kg4 67. Qg2+ Kh4 68. Qg5+ Kh3 69. Bf2 Rxc5+ 70. Bxc5 Rxc5+ 71. Kxc5 Kh2 72. Kd4 Kh1 73. Ke3 Kh2 74. Kf3 Kh1 75. Qg2# 1-0

[Event "*** Titled Tuesday Blitz"]
[Site "Chess.com"]
[Date "2020.05.12"]
[Round "10"]
[White "yamalchess"]
[Black "ChessBitl"]
[Result "1-0"]
[WhiteElo "2484"]
[BlackElo "2310"]
[TimeControl "180+1"]
[EndTime "11:55:42 PDT"]
[Termination "yamalchess won on time"]

1. d4 Nf6 2. c4 g6 3. Nc3 Bg7 4. e4 d6 5. h3 O-O 6. Bg5 h6 7. Be3 e5 8. d5 a5 9. Qd2 Kh7 10.
Bd3 Na6 11. g4 Nc5 12. Bc2 c6 13. Nge2 cxd5 14. cxd5 Bd7 15. a4 Qb6 16. O-O h5 17. f3 Qb4 18. Ra3 Rac8 19. Rb1 Ng8 20. Nb5 Bxb5 21.
axb5 Qxd2 22. Bxd2 b6 23. Rc3 Bh6 24. Bxh6 Kxh6 25.
Rf1 h4 26. f4 f6 27. f5 g5 28. Rb1 Ne7 29. Kf1 Rc7 30. Ke1 Nc8 31. Ra3 Na7 32. Nc3 Rfc8 33. Kd2 Nb7 34. Bd3 Nc5 35. b4 axb4 36. Rxb4 Kg7 37. Na4 Nxa4 38. Rbxa4 Ra8 39. Ra6 Rb7 40. Kc3 Kf7 41. Kb4 Ke7 42. Rc3 Kd7 43. Rc6 Rab8 44. Bc2 Nc8 45. Bd3 Na7 46. Be2 Nc8 47. Bc4 Na7 48. Ra1 Nc8 49. Bd3 Na7 50.
Rac1 Rc8 51. Be2 Rbc7 52. Bd3 Nxc6+ 53. bxc6+ Ke7 54. Ra1 Rb8 55. Kb5 Kd8 56. Ra6 Kc8 57. Bc4 Kd8 58. Bd3 Kc8 59. Bc2 Kd8 60. Ba4 Kc8 61.
Kb4 Kd8 62. Bb5 Rcc8 63. Ra7 Rc7 64. Ra6 Kc8 65. Bc4 Kd8 66. Ra4 Kc8 67. Ba6+ Kd8 68. Bb7 Ke7 69. Kb5 Kd8 70. Ra7 Rf7 71. Kxb6 Rc7 72. Ra6 Re7 73. Ra3 Rc7 74. Ra4 Re7 75.
Ra2 Rc7 76. Rc2 Re7 77. c7+ 1-0

[Event "*** Titled Tuesday Blitz"]
[Site "Chess.com"]
[Date "2020.05.12"]
[Round "10"]
[White "Nara_Kh"]
[Black "blitzking1729"]
[Result "0-1"]
[WhiteElo "2312"]
[BlackElo "2491"]
[TimeControl "180+1"]
[EndTime "11:55:48 PDT"]
[Termination "blitzking1729 won by checkmate"]

1. e4 d6 2. d4 Nf6 3. Nc3 e5 4. Nf3 Nbd7 5. Bc4 Be7 6. O-O O-O 7. a4 c6 8. h3 Qc7 9. Ba2 a6 10. d5 cxd5 11. Nxd5 Nxd5 12. Bxd5 Nf6 13. a5 Nxd5 14. exd5 f5 15. Be3 Bf6 16. Bb6 Qf7 17. c4 f4 18. Nd2 Qg6 19. Qf3 Bf5 20. Rfe1 Rac8 21. Rac1 Be7 22. Ne4 Bxe4 23. Rxe4 Qf7 24. b3 g5 25. Qd3 h5 26. f3 g4 27. hxg4 hxg4 28. fxg4 Bh4 29. Kf1 f3 30. gxf3 Qxf3+ 31. Qxf3 Rxf3+ 32. Ke2 Rxb3 33. g5 Bg3 34. Rh1 Bf4 35. Rh6 Rc3 36. Rxd6 R8xc4 37. Rxc4 Rxc4 38. g6 e4 39. Rd7 Rc2+ 40. Kd1 Rd2+ 41. Ke1 e3 42. Re7 Rxd5 43. Rxb7 Rd2 44. Re7 Rd5 45. Ke2 Rd6 46. g7 Rd2+ 47. Kf3 Rf2+ 48. Kg4 Bh6 49. Bd4 Rf4+ 50. Kh5 Rxd4 51.
Kg6 Rd6+ 52. Kf5 Bxg7 53. Rxe3 Rd5+ 54. Ke6 Rxa5 55. Rg3 Kf8 56. Rf3+ Ke8 57. Rb3 Rb5 58. Rd3 Rb6+ 59. Kf5 Bf8 60. Re3+ Kd7 61. Rd3+ Bd6 62. Ke4 Kc6 63. Rc3+ Kb5 64. Kd5 Bb4 65. Rb3 Ka4 66.
Rg3 Rd6+ 67. Kc4 Rc6+ 68. Kd5 Rc1 69. Rg6 a5 70. Rg3 Rc8 71. Kd4 Kb5 72. Rg5+ Ka4 73.
Kd3 Kb3 74. Rg2 a4 75. Kd4 Rd8+ 76. Ke4 Rd2 77. Rg3+ Kb2 78. Rf3 a3 79. Rh3 a2 80.
Rh1 a1=Q 81. Rxa1 Kxa1 82. Ke3 Kb2 83. Ke4 Kc3 84. Ke3 Rd4 85. Ke2 Bd6 86. Ke3 Bf4+ 87.
Kf3 Bh6 88. Ke2 Rd3 89. Kf2 Kd2 90. Kg2 Ke2 91. Kh2 Kf2 92. Kh1 Rh3# 0-1

[Event "*** Titled Tuesday Blitz"]
[Site "Chess.com"]
[Date "2020.05.12"]
[Round "10"]
[White "murtas73"]
[Black "LittlePeasant"]
[Result "1/2-1/2"]
[WhiteElo "2658"]
[BlackElo "2786"]
[TimeControl "180+1"]
[EndTime "11:55:52 PDT"]
[Termination "Game drawn - insufficient material"]

1. d4 Nf6 2. c4 c5 3. d5 b5 4. cxb5 a6 5. bxa6 Bxa6 6. Nc3 g6 7.
e4 Bxf1 8. Kxf1 d6 9. Nf3 Bg7 10.
g3 O-O 11. Kg2 Nbd7 12. a4 Ra6 13. Qc2 Qa8 14. Re1 Rb8 15. Ra3 Rb4 16. h3 Ne8 17. Bg5 Qb7 18. Re2 c4 19. Nb5 Nc5 20. Nbd4 Raxa4 21. Rxa4 Rxa4 22. Nc6 Bf6 23. e5 dxe5 24. Be3 Nb3 25. Nd2 Nd6 26. Ne4 Qb5 27. Nc3 Qa6 28.
Nxa4 Qxa4 29. Qc3 Qb5 30. Kg1 Qxd5 31. Nb4 Qf3 32. Re1 e4 33. Qc2 Nd4 34. Qd1 Qxd1 35. Rxd1 Nf3+ 36. Kf1 Bxb2 37. Nd5 c3 38. Nxe7+ Kf8 39.
Nxg6+ hxg6 40. Rxd6 Ne5 41. Rd5 Nd3 42. Rd8+ Ke7 43. Rc8 Kd7 44. Rc4 f5 45. h4 Ke6 46.
Ke2 Kd5 47. Rc8 Ne5 48. Rc5+ Kd6 49. Rc8 Kd5 50. Bf4 Nc4 51. Rg8 c2 52. Rxg6 c1=Q 53.
Bxc1 Bxc1 54. h5 Ne5 55. Rf6 Ng4 56. Rxf5+ Ke6 57. Rc5 Bh6 58. f3 exf3+ 59. Kxf3 Ne5+ 60. Ke4 Nf7 61. Rc6+ Nd6+ 62. Kf3 Ke5 63. g4 Bg5 64. Rc5+ Kf6 65. Rd5 Nf7 66. Rf5+ Ke6 67. Ke4 Bh6 68. Ra5 Ng5+ 69. Kf4 Nf7+ 70. Kg3 Bg5 71. Ra6+ Ke5 72.
Rg6 Ke4 73. Rg7 Bf4+ 74. Kh4 Ne5 75. g5 Nf3+ 76. Kg4 Ne5+ 77. Kh3 Kf5 78. h6 Ng6 79. h7 Nh8 80. Rg8 Be5 81. g6 Nxg6 82. Rxg6 Kxg6 83. h8=Q Bxh8 1/2-1/2

[Event "*** Titled Tuesday Blitz"]
[Site "Chess.com"]
[Date "2020.05.12"]
[Round "10"]
[White "Chessmasterzt"]
[Black "ajian"]
[Result "1-0"]
[WhiteElo "2549"]
[BlackElo "2365"]
[TimeControl "180+1"]
[EndTime "11:56:10 PDT"]
[Termination "Chessmasterzt won on time"]

1. e4 c5 2. Nf3 Nc6 3. Bb5 g6 4.
O-O Bg7 5. Re1 Nf6 6. e5 Nd5 7. Nc3 Nc7 8. Bxc6 dxc6 9. Ne4 Ne6 10. d3 O-O 11. h3 b6 12. Neg5 h6 13. Nxe6 Bxe6 14.
b3 Qd7 15. Bf4 a5 16. a4 Rae8 17. Qd2 Kh7 18. Qe3 Bd5 19. Nd2 f5 20. h4 Be6 21.
Nc4 Qc7 22. Qg3 Rg8 23. Re2 Rd8 24. Rae1 Rd4 25. Nd2 Bh8 26. Qh2 Rdd8 27. Re3 Kg7 28. Rg3 Kh7 29. Nf3 Bd5 30. Nd2 b5 31.
Rge3 Be6 32. Ra1 Bg7 33. Nf3 Bh8 34. Ree1 c4 35. bxc4 bxc4 36. d4 c5 37. c3 cxd4 38. Nxd4 Bd5 39. e6 Qb7 40. Be5 Bxe5 41. Rxe5 Be4 42.
Qf4 Qb2 43. Rc1 Rxd4 44. cxd4 Qxd4 45. Rxe4 Qxe4 46. Qxe4 fxe4 47. Rxc4 Rb8 48. Rc5 Rb1+ 49. Kh2 Rb2 50. Kg3 Ra2 51. Rxa5 Kg7 52. Re5 Kf6 53. Rxe4 Ra3+ 54. f3 Kf5 55. Kh3 g5 56. Kg3 Kf6 57.
hxg5+ hxg5 58. Kg4 Ra2 59. g3 Ra3 60. f4 gxf4 61.
Kxf4 Ra2 62. g4 Rf2+ 63. Kg3 Ra2 64. Kf4 Rf2+ 65. Ke3 Ra2 66. Kd3 Ra3+ 67. Kc2 Kg5 68. Kb2 Rf3 69. a5 Rf8 70. a6 Ra8 71. Ra4 Kf6 72. Kc3 Kxe6 73. a7 Kd6 74. Kd4 Ke6 75. Ke4 Kf6 76. Ra6+ Kg5 77. Kf3 e5 78. Ra5 Kf6 79.
Ra4 Kg5 80. Kg3 Kf6 81. Ra5 Ke6 82. Kf3 Kf6 83. Kg3 Ke6 84. Kh4 Kf6 85. g5+ Kf5 86. Kg3 Kxg5 87. Kf3 Kf6 88. Ke3 1-0